 Dungeon Crawl Stone Soup version 0.19.1 (webtiles) character file.

103 Entropy the Slasher (level 4, -2/40 HPs)
             Began as a Hill Orc Monk on Mar 2, 2017.
             Slain by a gnoll
             ... wielding a +0 spear
              (4 damage)
             ... on level 3 of the Dungeon.
             The game lasted 00:10:11 (1896 turns).

Entropy the Slasher (Hill Orc Monk)                 Turns: 1896, Time: 00:10:12

Health: -2/40      AC: 12    Str: 13    XL:     4   Next: 79%
Magic:  4/4        EV:  4    Int: 11    God:
Gold:   157        SH:  0    Dex: 13    Spells: 0 memorised, 3 levels left

rFire  x . .     SeeInvis .     a - +0 falchion
rCold  + . .     Gourm    .     i - +0 plate armour
rNeg   . . .     Faith    .     (no shield)
rPois  .         Spirit   .     r - +2 hat
rElec  .         Reflect  .     (no cloak)
rCorr  .         Harm     .     (no gloves)
MR     .....                    (no boots)
Stlth  ..........               (no amulet)
                                (no ring)
                                j - ring of ice

@: no status effects
A: no striking features
a: no special abilities


You were on level 3 of the Dungeon.
You were hungry.

You visited 1 branch of the dungeon, and saw 3 of its levels.

You collected 157 gold pieces.

Inventory:

Hand Weapons
 a - a +0 falchion (weapon)
 f - a cursed -2 dagger
Armour
 b - a +0 robe
 i - a +0 plate armour (worn)
 r - a +2 hat (worn)
Jewellery
 j - a ring of ice (left hand)
 o - an uncursed ring of fire {unknown}
Scrolls
 d - a scroll of teleportation {unknown}
 e - a scroll of enchant armour {unknown}
 g - 4 scrolls of identify {unknown}
Potions
 l - a potion of flight {unknown}
 m - 2 potions of degeneration {unknown}
 q - a potion of heal wounds {unknown}
 s - a potion of lignification {unknown}
 t - a potion of might {unknown}
Comestibles
 c - 4 bread rations
 h - 4 meat rations
 k - a beef jerky
 n - a slice of pizza
 p - 3 chunks of flesh


   Skills:
 + Level 4.3 Fighting
 + Level 4.5 Long Blades
 + Level 1.6 Armour
 + Level 2.8 Dodging
 + Level 1.8 Stealth


You had 3 spell levels left.
You didn't know any spells.

Dungeon Overview and Level Annotations

Branches:
Dungeon (3/15)

Altars:
Elyvilon


Message History

The gnoll barely misses you.
You riposte.
You hit the gnoll but do no damage.
The gnoll is moderately wounded.
The gnoll hits you but does no damage.
Your plate armour prevents you from hitting the gnoll.
The gnoll is severely wounded.
The gnoll hits you but does no damage. x3
You hit the gnoll.
The gnoll is severely wounded.
The gnoll hits you but does no damage. The gnoll barely misses you.
You riposte.
You hit the gnoll.
The gnoll is heavily wounded.
The gnoll hits you but does no damage.
You hit the gnoll but do no damage.
The gnoll is severely wounded.
The gnoll hits you but does no damage. x2; The gnoll hits you with a spear.
* * * LOW HITPOINT WARNING * * *
The gnoll hits you from afar with a spear.
* * * LOW HITPOINT WARNING * * *
The gnoll hits you from afar with a spear.
You die...

...##.###.## #.#
##. ##.#..# #.#
##.#.### #.# #
#.....# #.#
#.####.....###.#
.###
............>.#
.<...
..........#####
#....#####.....#
#.....@)gg...#####
#..#.###g........#
# #.#.....#.#
#.........#
#.#.⌠.⌠.#.#
#.[......)#
#.#.....#.#
#...._....#
#.....#$


You could see 3 gnolls.

Vanquished Creatures
  An orc wizard (D:3)
  An adder (D:2)
  A worm (D:2)
  3 dart slugs (D:1)
  2 leopard geckos
  4 orcs (D:3)
  5 bats
  7 giant cockroaches
  6 goblins
  5 hobgoblins
  4 jackals (D:2)
  2 frilled lizards
  5 kobolds
  6 rats
52 creatures vanquished.

Notes
Turn   | Place    | Note
-------+----------+-------------------------------------------
     0 | D:1      | Entropy the Hill Orc Monk began the quest for the Orb.
     0 | D:1      | Reached XP level 1. HP: 19/19 MP: 1/1
   118 | D:1      | Reached XP level 2. HP: 20/27 MP: 2/2
   488 | D:1      | Reached XP level 3. HP: 29/33 MP: 3/3
  1466 | D:2      | Reached XP level 4. HP: 34/40 MP: 4/4
  1614 | D:2      | Reached skill level 1 in Armour
  1859 | D:3      | Found a white marble altar of Elyvilon.
  1896 | D:3      | HP: 2/40 [gnoll/spear (6)]
  1896 | D:3      | Slain by a gnoll

Skill      XL: |  1  2  3  4 |
---------------+-------------+-----
Fighting       | 4 |  4.3
Long Blades    | 4 |  4.5
Armour         | 1 |  1.6
Dodging        | |  2.8
Stealth        | |  1.8

Action                   |  1- 3 |  4- 6 || total
-------------------------+-------+-------++-------
Melee: Falchion          |   137 |    92 ||   229
 Stab: Sleeping          |     1 |       ||     1
  Eat: Chunk             |     2 |     1 ||     3
Armor: Robe              |    18 |       ||    18
       Plate armour      |    52 |    78 ||   130
Dodge: Dodged            |    62 |    24 ||    86
       Rpst.: Falchion   |    25 |     7 ||    32
